 Dungeon Crawl Stone Soup version 0.19-a0-1107-gc676ff4 (webtiles) character file.

20234 junb69 the Fighter (level 12, -7/113 HPs)
             Began as a Grey Draconian Gladiator on Aug 9, 2016.
             Was an Initiate of Gozag.
             Killed by divine providence
             ... invoked by a meliai
              (16 damage)
             ... on level 5 of the Lair of Beasts.
             The game lasted 00:43:34 (15147 turns).

junb69 the Fighter (Grey Draconian Gladiator)      Turns: 15147, Time: 00:43:35

Health: -7/113     AC: 19    Str: 26    XL:     12   Next: 43%
Magic:  17/17      EV: 19    Int:  5    God:    Gozag
Gold:   510        SH:  0    Dex: 14    Spells: 0 memorised, 11 levels left

rFire  + . .     SeeInvis .     R - +2 scimitar (vamp)
rCold  + . .     Gourm    .     (armour unavailable)
rNeg   . . .     Faith    .     (no shield)
rPois  +         Spirit   .     b - +2 hat
rElec  .         Dismiss  .     (no cloak)
rCorr  .         Reflect  .     j - +0 pair of gloves
SustAt .         Harm     .     x - +2 pair of boots
MR     +....                    (no amulet)
Stlth  ++........               S - ring "Igagohur" {rPois rF+ rC+ Str+3 Int-3}
                                F - +4 ring of strength

@: gold aura
A: walk through water, unfitting armour, talons 1, magic resistance 1, weak 1,
unbreathing, cold-blooded, AC +13
a: Potion Petition, Call Merchant, Bribe Branch, Renounce Religion


You were on level 5 of the Lair of Beasts.
You worshipped Gozag.
Gozag was pleased with you.
You were not hungry.

You visited 3 branches of the dungeon, and saw 14 of its levels.
You also visited: Labyrinth and Volcano.

You collected 2401 gold pieces.
You spent 533 gold pieces at shops.
You paid 1358 gold pieces to Gozag.

Inventory:

Hand Weapons
 y - a +0 long sword of flaming
 G - a +1 long sword of flaming
 R - a +2 vampiric scimitar (weapon)
Armour
 b - a +2 hat (worn)
 g - a +0 buckler
 j - a +0 pair of gloves (worn)
 x - a +2 pair of boots (worn)
Jewellery
 m - an uncursed ring of protection from magic
 q - an uncursed ring of positive energy
 z - an uncursed ring of sustain attributes
 F - a +4 ring of strength (left hand)
 S - the ring "Igagohur" (right hand) {rPois rF+ rC+ Str+3 Int-3}
   (You bought it in a shop on level 4 of the Lair of Beasts)

   [ring of poison resistance]

   It affects your strength (+3).
   It affects your intelligence (-3).
   It protects you from fire.
   It protects you from cold.
   It protects you from poison.
 V - a cursed ring of loudness {unknown}
Wands
 u - a wand of paralysis (4/24)
 w - a wand of lightning (0/15)
 A - a wand of iceblast (7/15)
 B - a wand of paralysis (12/24)
 C - a wand of flame (13/48)
 E - a wand of random effects (11/48)
 H - a wand of paralysis (15/24)
 J - a wand of paralysis (12/24)
 K - a wand of iceblast (7/15)
 O - a wand of teleportation (1/9)
Scrolls
 f - 3 scrolls of amnesia
 h - a scroll of enchant armour
 k - 2 scrolls of noise
 n - 2 scrolls of immolation
 o - 6 scrolls of remove curse
 t - 2 scrolls of fog
 M - a scroll of torment {unknown}
 N - a scroll of teleportation
Potions
 a - a potion of magic
 i - 2 potions of curing
 p - 4 potions of flight
 r - a potion of ambrosia
 s - a potion of brilliance
 v - 2 potions of cancellation
 D - a potion of resistance {unknown}
 I - a potion of berserk rage {unknown}
 Q - a potion of agility
Books
 c - a book of Transfigurations

   Spells                             Type                      Level
   a - Irradiate                      Conjuration/Transmutation    5
   b - Statue Form                    Transmutation/Earth          6
   c - Hydra Form                     Transmutation                6
   d - Dragon Form                    Transmutation                7
 e - a book of Dreams

   Spells                             Type                      Level
   a - Ensorcelled Hibernation        Hexes/Ice                    2
   b - Silence                        Hexes/Air                    5
   c - Darkness                       Hexes                        6
   d - Shadow Creatures               Summoning                    6
 L - a Grand Grimoire

   Spells                             Type                      Level
   a - Monstrous Menagerie            Summoning                    7
   b - Summon Greater Demon           Summoning                    7
   c - Malign Gateway                 Summoning/Translocation      7
   d - Summon Horrible Things         Summoning                    8
 P - a book of Burglary

   Spells                             Type                      Level
   a - Swiftness                      Charms/Air                   2
   b - Passwall                       Transmutation/Earth          2
   c - Passage of Golubria            Translocation                4
   d - Lee's Rapid Deconstruction     Earth                        5
   e - Darkness                       Hexes                        6
   f - Invisibility                   Hexes                        6
Comestibles
 d - 7 bread rations
 l - 2 meat rations
 U - a beef jerky


   Skills:
 * Level 12.6 Fighting
 * Level 11.8 Long Blades
 - Level 1.7 Throwing
 - Level 10.3 Dodging
 - Level 7.1 Evocations


You had 11 spell levels left.
You didn't know any spells.

Dungeon Overview and Level Annotations

Branches:
Dungeon (8/15)             Temple (1/1) D:5            Lair (5/6) D:8
  Swamp (0/4) Lair:2        Snake (0/4) Lair:3        Slime (0/5) Lair:5

Altars:
Ashenzari
Cheibriados
Dithmenos
Elyvilon
Fedhas
Gozag
Hepliaklqana
Kikubaaqudgha
Makhleb
Pakellas
Qazlal
Ru
Uskayaw
Vehumet
Xom
The Shining One
Jiyva

Shops:
D:8 [   Lair:4 =

Annotations:
D:8 Sar's ghost, novice DsAK
Lair:1 Fannar
Lair:2 FrancescoMac's ghost, journeyman MiGl


Innate Abilities, Weirdness & Mutations

You can walk through water.
Your dull iron-grey scales are very hard. (AC +13)
Your body does not fit into most forms of armour.
You can survive without breathing.
You are cold-blooded and may be slowed by cold attacks.
You have sharp toenails.
You are resistant to hostile enchantments. (MR+)
You are weak. (Str -2)


Message History

The killer bee is distracted by the nearby gold.
Cornered, the killer bee turns to fight!
The wyvern is distracted by the nearby gold.
The spiny frog is distracted by the nearby gold.
The spiny frog croaks.
Unknown command.
Unknown command.
The killer bee is distracted by the nearby gold.
The spiny frog is distracted by the nearby gold.
The wyvern is no longer distracted by gold.
The meliai is distracted by the nearby gold.
The killer bee is no longer distracted by gold.
The killer bee rages.
The killer bee buzzes angrily.
The spiny frog is no longer distracted by gold.
The killer bee is distracted by the nearby gold.
The meliai invokes the aid of its god against you.
Something smites you!
You die...
Your body crumbles into a pile of gold.

####....#*##.##......#.....P.....
,***,...###..##......##P.#.#.....
,,,**.......#.......#.#..###.....
,,,.................#......P.....
,,,..............................
,,...............................
,,...............................
,,.....F.....y...................
**,.....yh...##.@................
**,#.....$.#.##..................
**,,,##.##...##.≈................
*****,.#.k#####...≈..............
**.......yyr.####................
**##..#F#.y######...≈........>...
,,*##...yk###....#..........<....
,,,*.y#*####...#..##.#.........).
,,*#F.,,,,,##.....##.............


You could see a meliai.

Vanquished Creatures
  A minotaur (Lab)
  Harold (Lair:1)
  A hydra (Lair:5)
  An orc knight (Volcano)
  A griffon (Lair:3)
  6 spiny frogs
  3 elephants (Lair:5)
  The ghost of 4thArraOfDagon the Ruffian, a novice TrAM of Okawaru (D:7)
  2 black mambas (Lair:4)
  3 torpor snails
  Psyche (D:8)
  2 rime drakes
  3 komodo dragons
  A meliai (Lair:5)
  5 blink frogs (Lair:3)
  Sigmund (D:6)
  12 yaks
  2 hungry ghosts
  4 hippogriffs
  A soldier ant (Lair:1)
  6 water moccasins
  8 porcupines
  3 ice beasts
  4 orc warriors
  2 sky beasts
  A black bear (D:7)
  3 ogres
  A wolf (Lair:5)
  7 crocodiles
  A centaur (D:6)
  A wyvern zombie (D:7)
  13 giant frogs
  5 scorpions
  A water moccasin skeleton (D:6)
  19 killer bees
  A howler monkey (D:4)
  A crimson imp (D:7)
  2 orc priests (D:6)
  2 jellies (D:7)
  A hound (D:7)
  2 giant frog skeletons
  9 iguanas
  6 orc wizards
  4 worker ants
  33 sheep
  Robin (D:3)
  13 gnolls
  10 adders
  25 river rats
  A shadow imp (D:7)
  5 worms
  3 dart slugs
  5 giant geckos
  13 orcs
  6 bats
  3 giant cockroaches
  15 goblins
  12 hobgoblins
  6 jackals
  5 quokkas
  A giant gecko skeleton (D:4)
  2 giant newts
  2 jackal skeletons
  5 kobolds
  2 rats
  A bush (Lair:3)
324 creatures vanquished.

Vanquished Creatures (others)
  A killer bee (Lair:5)
  A bush (Lair:3)
  7 fungi (Lair:2)
  8 plants (Lair:2)
17 creatures vanquished.

Grand Total: 341 creatures vanquished

Notes
Turn   | Place    | Note
-------+----------+-------------------------------------------
     0 | D:1      | junb69 the Draconian Gladiator began the quest for the Orb.
     0 | D:1      | Reached XP level 1. HP: 17/17 MP: 1/1
   171 | D:1      | Reached XP level 2. HP: 24/24 MP: 2/2
   616 | D:2      | Reached XP level 3. HP: 22/29 MP: 3/3
  1042 | D:2      | Found a faded altar of an unknown god.
  1532 | D:3      | Reached skill level 5 in Long Blades
  1532 | D:3      | Reached XP level 4. HP: 24/36 MP: 4/4
  1797 | D:3      | Noticed Robin
  2096 | D:3      | Killed Robin
  2549 | D:4      | Reached XP level 5. HP: 27/41 MP: 5/5
  2682 | D:4      | Noticed an ogre
  3191 | D:4      | Reached XP level 6. HP: 34/48 MP: 6/6
  3636 | D:4      | Found a radiant altar of Vehumet.
  4455 | D:5      | Entered Level 5 of the Dungeon
  4584 | D:5      | Your scales start taking on a dull iron-grey colour.
  4584 | D:5      | Reached XP level 7. HP: 50/55 MP: 7/7
  4584 | D:5      | Gained mutation: You can survive without breathing. [Grey Draconian growth]
  5435 | D:5      | Found a staircase to the Ecumenical Temple.
  5450 | Temple   | Entered the Ecumenical Temple
  5490 | Temple   | Became a worshipper of Gozag Ym Sagoz the Greedy
  5691 | D:6      | Noticed Sigmund
  5703 | D:6      | Killed Sigmund
  5703 | D:6      | Reached XP level 8. HP: 51/61 MP: 8/8
  5841 | D:6      | Reached skill level 10 in Long Blades
  5881 | D:6      | Reached skill level 3 in Fighting
  5891 | D:6      | Reached skill level 4 in Fighting
  5904 | D:6      | Reached skill level 5 in Fighting
  6252 | D:6      | Reached skill level 6 in Fighting
  6470 | D:7      | Reached skill level 7 in Fighting
  6495 | D:7      | Noticed 4thArraOfDagon's ghost (novice TrAM)
  6581 | D:7      | Reached XP level 9. HP: 64/79 MP: 9/9
  6735 | D:7      | Reached skill level 8 in Fighting
  6767 | D:7      | Killed 4thArraOfDagon's ghost
  6767 | D:7      | Reached skill level 9 in Fighting
  7139 | D:7      | Reached skill level 10 in Fighting
  7449 | D:7      | Found a glowing golden altar of the Shining One.
  7534 | D:8      | Noticed Sar's ghost (novice DsAK)
  7542 | D:8      | Noticed Psyche
  7552 | D:8      | Killed Psyche
  8078 | D:8      | Reached XP level 10. HP: 72/94 MP: 10/10
  8087 | D:8      | Found a staircase to the Lair.
  8136 | D:8      | Reached skill level 5 in Dodging
  8640 | Lair:1   | Entered Level 1 of the Lair of Beasts
  8683 | Lair:1   | Noticed Harold
  9091 | Lair:1   | Killed Harold
  9288 | Lair:1   | Noticed a spiny frog
  9302 | Lair:1   | Killed a spiny frog
  9384 | Lair:1   | Noticed a spiny frog
  9389 | Lair:1   | a spiny frog changed into a soldier ant
  9865 | Lair:1   | Noticed Fannar
 10060 | Lair:2   | Noticed a spiny frog
 10062 | Lair:2   | Noticed a five-headed hydra
 10073 | Lair:1   | Killed a spiny frog
 10073 | Lair:1   | Reached skill level 11 in Fighting
 10359 | Lair:2   | Noticed a spiny frog
 10378 | Lair:2   | Killed a spiny frog
 11019 | Lair:2   | Reached XP level 11. HP: 75/102 MP: 11/11
 11366 | Lair:2   | Found a staircase to the Swamp.
 11498 | Lair:2   | Noticed a six-headed hydra
 11503 | Lair:2   | Noticed FrancescoMac's ghost (journeyman MiGl)
 11631 | Lair:2   | Found a shattered altar of Ashenzari.
 11791 | Lair:3   | Noticed a griffon
 11807 | Lair:3   | Killed a griffon
 11870 | Lair:3   | Found a staircase to the Snake Pit.
 11979 | Lair:3   | HP: 3/104 [giant frog (6)]
 12479 | Lair:3   | Reached skill level 12 in Fighting
 13316 | Lair:4   | Reached skill level 1 in Evocations
 13543 | Lair:4   | Found a labyrinth entrance.
 13553 | Lab      | Entered a labyrinth
 13751 | Lab      | Gained mutation: You are resistant to hostile enchantments. (MR+) [potion of mutation]
 13751 | Lab      | Gained mutation: You are weak. (Str -2) [potion of mutation]
 13751 | Lab      | Gained mutation: You have sharp toenails. [potion of mutation]
 13752 | Lab      | Noticed a minotaur
 13769 | Lab      | Killed a minotaur
 13911 | Lair:4   | Reached skill level 5 in Evocations
 14364 | Lair:4   | Bought the ring "Igagohur" {rPois rF+ rC+ Str+3 Int-3} for 533 gold pieces
 14444 | Lair:5   | Reached XP level 12. HP: 112/112 MP: 16/16
 14521 | Lair:5   | Found a viscous altar of Jiyva.
 14521 | Lair:5   | Found a staircase to the Slime Pits.
 14535 | Lair:5   | Reached skill level 10 in Dodging
 14728 | Lair:5   | Found a dark tunnel.
 14738 | Volcano  | Entered a volcano
 15106 | Lair:5   | Noticed a six-headed hydra
 15125 | Lair:5   | Killed a two-headed hydra
 15147 | Lair:5   | Killed from afar by a meliai

Vault maps used:
D:1:      dpeg_arrival_three_same_balls
D:2:      first_bread, ecumenical_altar_2
D:3:      uniq_robin
D:4:      kennysheep_mini_moat
D:5:      serial_corexii_hall, corexii_hall_statues_s, corexii_hall_statues_l,
          corexii_hall_statues_deadend, corexii_hall_statues_t,
          corexii_hall_statues_deadend, corexii_hall_statues_i
D:6:      uniq_sigmund
D:7:      nicolae_tso_carved_into_rock
D:8:      corexii_shack_village, dpeg_lair_monsters, hangedman_ranch,
          uniq_psyche
Temple:   kilobyte_greek_temple
Lair:1:   minivault_24, hangedman_lair_unloving_vines, uniq_fannar, uniq_harold
Lair:2:   swamp_mist, basic_altar, infiniplex_staircase_pool, lemuel_fruit_tree,
          grunt_megastairs_5
Lair:3:   dummy_snake_entry, minmay_hedge_maze, patterned_corridor
Lair:4:   lab_entry_generic
Lair:5:   regret_index_tunnel_blossom, slime_altar_1,
          lightli_volcano_entry_magma_tube
Lab:      labyrinth_hidden_loot
Volcano:  volcano_caves

Skill      XL: |  1  2  3  4  5  6  7  8  9 10 11 12 |
---------------+-------------------------------------+-----
Long Blades    | 4 5 6 8 9 10 11 | 11.8
Fighting       | 7 10 11 12 | 12.6
Dodging        | 4 8 9 10 | 10.3
Evocations     | 6 7 |  7.1
Throwing       | |  1.7

Action                   |  1- 3 |  4- 6 |  7- 9 | 10-12 || total
-------------------------+-------+-------+-------+-------++-------
Melee: Long sword        |    90 |   227 |   380 |   595 ||  1292
       Tailslap          |    12 |    32 |    70 |   169 ||   283
       Scimitar          |       |       |       |   349 ||   349
Throw: Throwing net      |     3 |     1 |     1 |     3 ||     8
Invok: Call Merchant     |       |       |       |     2 ||     2
Evoke: Wand              |       |       |     5 |     6 ||    11
  Use: Potion            |       |     1 |     6 |     3 ||    10
       Scroll            |       |     4 |    11 |    17 ||    32
 Stab: Held in net/web   |       |       |       |     3 ||     3
       Sleeping          |       |       |       |     1 ||     1
       Paralysed         |       |       |       |    12 ||    12
       Distracted        |       |       |       |     5 ||     5
  Eat: Chunk             |     2 |     8 |     2 |       ||    12
       Royal jelly       |       |     1 |       |     1 ||     2
       Fruit             |       |       |     3 |    14 ||    17
       Beef jerky        |       |       |     2 |       ||     2
       Pizza             |       |       |     2 |     1 ||     3
       Bread ration      |       |       |       |     3 ||     3
       Meat ration       |       |       |       |     1 ||     1
Armor: Skin              |    28 |    49 |   128 |   217 ||   422
Dodge: Dodged            |    41 |   123 |   159 |   551 ||   874
